 Dungeon Crawl Stone Soup version 0.28-a0-1038-g9c4cb8273d (webtiles) character file.

Game seed: 15174148026425951430

116 fragbeetle the Ruffian (level 4, 0/35 HPs)
             Began as a Draconian Transmuter on Dec 8, 2021.
             Slain by an orc (3 damage)
             ... on level 4 of the Dungeon.
             The game lasted 00:08:36 (2737 turns).

fragbeetle the Ruffian (Draconian Transmuter)       Turns: 2737, Time: 00:08:36

Health: 0/35       AC:  2    Str: 13    XL:     4   Next: 70%
Magic:  4/7        EV: 20    Int: 15    God:
Gold:   157        SH:  0    Dex: 16    Spells: 3/7 levels left

rFire   . . .      SeeInvis .     - Unarmed
rCold   . . .      Faith    .   (shield currently unavailable)
rNeg    . . .      Spirit   .   (armour unavailable)
rPois   x          Reflect  .   (helmet currently unavailable)
rElec   .          Harm     .   (cloak currently unavailable)
rCorr   .          Rampage  .   (gloves currently unavailable)
Will    .....                   (boots currently unavailable)
Stlth   +.........              (no amulet)
HPRegen 0.11/turn               (no ring)
MPRegen 0.10/turn               (no ring)

@: spider-form (expiring), hasted, very quick
A: venomous fangs, AC +5, tiny, unfitting armour, (cold-blooded)
a: End Transformation


You were on level 4 of the Dungeon.
You were a venomous arachnid creature.
You visited 1 branch of the dungeon, and saw 4 of its levels.

You collected 157 gold pieces.

Inventory:

Hand Weapons
 b - a +1 whip of venom
 f - a +3 hand axe
Missiles
 c - 6 boomerangs
Scrolls
 a - 2 scrolls of identify
 g - a scroll of summoning {unknown}
 h - a scroll of blinking {unknown}
 i - 2 scrolls of teleportation {unknown}
 j - a scroll of immolation {unknown}
Potions
 d - a potion of haste
 e - a potion of might {unknown}


   Skills:
 + Level 1.3 Fighting
 * Level 2.7 Dodging
 + Level 3.9 Unarmed Combat
 - Level 2.2 Spellcasting
 * Level 3.2 Transmutations
 + Level 0.1 Poison Magic


You had 3 spell levels left.
You knew the following spells:

 Your Spells              Type           Power      Damage    Failure   Level
a - Beastly Appendage     Tmut           22%        N/A       17%         1
b - Spider Form           Tmut/Pois      6%         N/A       54%         3

Your spell library contained the following spells:

 Spells                   Type           Power      Damage    Failure   Level
 Wereblood                Tmut           11%        N/A       22%         2
 Magic Dart               Conj           4%         1d3       43%         1
 Call Imp                 Summ           1%         N/A       54%         2
 Mephitic Cloud           Conj/Pois/Air  1%         N/A       75%         3
 Ice Form                 Ice/Tmut       6%         N/A       88%         4


Dungeon Overview and Level Annotations

Branches:
Dungeon (4/15)
 Temple: D:4-7

Altars:


Innate Abilities, Weirdness & Mutations

You are a venomous arachnid creature.
You have poisonous fangs.
You are tiny and dextrous.
Your spellcasting is less reliable in this form.
Your armour is entirely melded.
You are incapable of wielding weapons or throwing items.
((Your plain brown scales are hard. (AC +5)))
You cannot fit into any form of body armour.
((You are cold-blooded and may be slowed by cold attacks.))


Message History

There is a stone staircase leading up here.
Casting: Beastly Appendage (safe; 6% risk of failure)
Confirm with . or Enter, or press ? or * to list all spells.
The spell is quite dangerous to miscast (34% risk of failure)!
Continue anyway?
You turn into a venomous arachnid creature.
An orc comes into view. It is wielding a +0 hand axe.
The orc shouts!
The endoplasm quivers.
Ijyb zaps a wand.
The mass of ice explodes!
The iceblast engulfs you!
Your transformation is almost over.
Your magical contamination has completely faded away.
Ijyb closely misses you.
You hit Ijyb.
Ijyb is poisoned.
Ijyb is lightly wounded.
Ijyb closely misses you.
You bite Ijyb!
Ijyb is heavily wounded.
Ijyb misses you.
You hit Ijyb but do no damage.
Ijyb looks as sick as possible!
Ijyb is severely wounded.
The endoplasm freezes you.
You are frozen.
The orc hits you with a +0 hand axe.
* * * LOW HITPOINT WARNING * * *
Ijyb barely misses you.
You hit Ijyb but do no damage.
Ijyb is severely wounded.
The orc completely misses you. The endoplasm completely misses you.
Ijyb completely misses you.
You hit Ijyb.
Ijyb looks as sick as possible!
Ijyb is almost dead.
The orc completely misses you. The endoplasm freezes you.
You are frozen.
* * * LOW HITPOINT WARNING * * *
Ijyb closely misses you.
You hit Ijyb.
You kill Ijyb!
The orc barely misses you. The endoplasm closely misses you.
You feel yourself speed up. The orc hits you with a +0 hand axe.
You die...

..... #.#.#
#.#.# #.#.# # #
# #<#.#.#
##.#.##.#.#.###
........#.....#
##.#..........#
#.....os.....#
###.##.)J....#
#. #.......# #
#.......#
#..(....#
#..<....#
#(......#
..........#
########+#.#


You could see an orc and an endoplasm.

Vanquished Creatures
  Ijyb (D:4)
  3 adders
  A worm (D:2)
  An orc (D:3)
  7 endoplasms
  3 giant cockroaches
  6 goblins
  2 hobgoblins
  4 jackals (D:3)
  2 quokkas
  6 ball pythons
  8 bats
  2 frilled lizards (D:2)
  6 kobolds
  4 rats
56 creatures vanquished.

Notes
Turn   | Place    | Note
-------+----------+-------------------------------------------
     0 | D:1      | fragbeetle the Draconian Transmuter began the quest for the
                  | Orb.
     0 | D:1      | Reached XP level 1. HP: 16/16 MP: 3/3
   202 | D:1      | Reached XP level 2. HP: 13/23 MP: 3/5
   956 | D:1      | Reached XP level 3. HP: 25/28 MP: 4/6
   962 | D:1      | Learned a level 3 spell: Spider Form
  1891 | D:3      | Reached XP level 4. HP: 35/35 MP: 4/7
  2453 | D:4      | Noticed Ijyb
  2736 | D:4      | Killed Ijyb
  2737 | D:4      | Slain by an orc

Illustrated notes

Levels and vault maps discovered:
D:1:      dpeg_arrival_three_smaller_balls, layout_basic
D:2:      minmay_chambers_of_twos, layout_rooms
D:3:      layout_rooms, grunt_ministairs_13, roderic_st_hans_cross,
          nrook_mini_backslash
D:4:      layout_basic, mainiacjoe_overflow_alcove_3,
          chequers_serial_rivers_large_a, uniq_grinder, uniq_ijyb

Skill      XL: |  1  2  3  4 |
---------------+-------------+-----
Dodging        | 2 |  2.7
Transmutations | 3 |  3.2
Fighting       | |  1.3
Unarmed Combat | |  3.9
Spellcasting   | |  2.2
Poison Magic   | |  0.1

Action                   |  1- 3 |  4- 6 || total
-------------------------+-------+-------++-------
Melee: Unarmed           |   128 |    34 ||   162
       Kick              |    21 |     6 ||    27
       Headbutt          |     9 |     5 ||    14
       Tailslap          |     8 |     3 ||    11
       Punch             |       |     1 ||     1
 Cast: Beastly Appendage |    31 |     7 ||    38
       Spider Form       |     1 |     1 ||     2
  Use: Scroll            |     2 |       ||     2
       Potion            |       |     1 ||     1
Armor: Skin              |    38 |    11 ||    49
Dodge: Dodged            |    83 |    23 ||   106

Table legend: (Time is in decaauts)
 A = Elapsed time spent in this place.
 B = Non-inter-level travel time spent in this place.
 C = Inter-level travel time spent in this place.
 D = Time resting spent in this place.
 E = Time spent auto-exploring this place.
 F = Levels seen in this place.
 G = Mean time per level.
                   A        B        C        D        E       F      G
               +--------+--------+--------+--------+--------+-----+--------+
         Total |   2729 |   2703 |     26 |    720 |   1049 |   4 |  682.2 |
       Dungeon |   2729 |   2703 |     26 |    720 |   1049 |   4 |  682.2 |
               +--------+--------+--------+--------+--------+-----+--------+

Top non-repeatable levels by time:
     D:1: 999 daAuts
     D:3: 916 daAuts
     D:2: 797 daAuts
     D:4: 16 daAuts
